 Dungeon Crawl Stone Soup version 0.24.0-13-gcf9b3192b9 (webtiles) character file.

Game seed: 15687591609148576161, levelgen mode: classic

62 EnegeticOcto the Digger (level 4, -1/21 HPs)
             Began as a Vine Stalker Earth Elementalist on Nov 9, 2019.
             Slain by an ice beast (9 damage)
             ... on level 3 of the Dungeon.
             The game lasted 00:05:47 (1129 turns).

EnegeticOcto the Digger (VSEE)                      Turns: 1129, Time: 00:05:48

Health: -1/21      AC:  3    Str: 10    XL:     4   Next: 8%
Magic:  0/8        EV: 12    Int: 16    God:
Gold:   104        SH:  4    Dex: 15    Spells: 1/7 levels left

rFire    . . .     SeeInvis .   (no weapon)
rCold    . . .     Gourm    +   j - +0 buckler
rNeg     . . .     Faith    .   c - +0 robe
rPois    +         Spirit   +   (no helmet)
rElec    .         Reflect  .   f - +0 cloak
rCorr    .         Harm     .   (no gloves)
MR       .....                  (no boots)
Stlth    ++........             d - amulet of the gourmand
HPRegen  0.47/turn              k - ring of poison resistance
MPRegen  0.11/turn              (no ring)

@: very slightly contaminated
A: fangs 2, regeneration 1, magic shield, antimagic bite, no potion heal 3, rot
immunity
a: no special abilities


You were on level 3 of the Dungeon.
You were not hungry.

You visited 1 branch of the dungeon, and saw 3 of its levels.

You collected 104 gold pieces.

Inventory:

Missiles
 b - 74 stones (quivered)
 r - 20 arrows
Armour
 c - a +0 robe (worn)
 f - a +0 cloak (worn)
 j - a +0 buckler (worn)
Jewellery
 d - an amulet of the gourmand (around neck)
 k - a ring of poison resistance (left hand)
Scrolls
 a - a scroll of enchant armour {unknown}
 g - a scroll of noise {unknown}
 h - 2 scrolls of identify {unknown}
 m - a scroll of enchant weapon {unknown}
 p - a scroll of amnesia {unknown}
 q - a scroll of random uselessness {unknown}
 s - 2 scrolls of teleportation {unknown}
 t - a scroll of remove curse {unknown}
Potions
 i - 2 potions of mutation {unknown}
 l - a potion of curing {unknown}
 n - a potion of might {unknown}
 o - a potion of brilliance {unknown}
 u - a potion of degeneration {unknown}
Comestibles
 e - 6 rations


   Skills:
 - Level 1.5 Dodging
 - Level 2.4 Stealth
 + Level 1.3 Shields
 - Level 2.1 Spellcasting
 - Level 1.0 Transmutations
 + Level 4.4 Earth Magic


You had one spell level left.
You knew the following spells:

 Your Spells              Type           Power        Failure   Level  Hunger
a - Sandblast             Erth           ###...       4%          1    #......
b - Stone Arrow           Conj/Erth      #.....       34%         3    ###....
p - Passwall              Tmut/Erth      ##......     14%         2    ###....

Your spell library contained the following spells:

 Spells                   Type           Power        Failure   Level  Hunger
 Petrify                  Tmut/Erth      ##......     67%         4    #####..
 Lee's Rapid Deconstruct  Erth           ###.......   78%         5    ######.


Dungeon Overview and Level Annotations

Branches:
Dungeon (3/15)

Altars:
Trog

Annotations:
D:2 Sigmund


Innate Abilities, Weirdness & Mutations

You have extremely sharp teeth.
Your natural rate of healing is unusually fast.
When hurt, damage is shared between your health and your magic reserves.
Your bite disrupts and absorbs the magic of your enemies.
Potions cannot restore your health.
You are immune to rotting.


Message History

You hit the giant cockroach but do no damage.
The giant cockroach is heavily wounded.
The giant cockroach misses you.
You hit the giant cockroach but do no damage.
The giant cockroach is heavily wounded.
The giant cockroach bites you. The kobold misses you.
The giant cockroach misses you. The kobold closely misses you.
You see here a bat corpse.
The kobold closely misses you.
You hit the kobold but do no damage. You bite the kobold, but do no damage.
The kobold hits you with a +0 whip.
You hit the kobold but do no damage. The kobold closely misses you.
You hit the kobold.
The kobold is moderately wounded.
The kobold barely misses you.
You closely miss the kobold.
The kobold is moderately wounded.
The kobold hits you with a +0 whip.
You hit the kobold but do no damage.
The kobold is moderately wounded.
The kobold closely misses you.
You hit the kobold.
You kill the kobold!
The giant cockroach barely misses you.
You barely miss the giant cockroach.
The giant cockroach is moderately wounded.
The giant cockroach barely misses you.
You hit the giant cockroach but do no damage.
You bite the giant cockroach. You drain its power.
You feel invigorated.
The giant cockroach is almost dead.
The giant cockroach barely misses you.
You hit the giant cockroach but do no damage.
The giant cockroach is almost dead.
The giant cockroach barely misses you. The kobold barely misses you.
You hit the kobold.
You kill the kobold!
The giant cockroach bites you.
You hit the giant cockroach but do no damage.
Your bite misses the giant cockroach.
The giant cockroach is severely wounded.
The giant cockroach misses you. The giant cockroach barely misses you.
You hit the giant cockroach but do no damage.
The giant cockroach is heavily wounded.
The giant cockroach closely misses you.
You barely miss the giant cockroach.
The giant cockroach is heavily wounded.
The giant cockroach barely misses you.
You barely miss the giant cockroach.
The giant cockroach is heavily wounded.
The giant cockroach bites you.
You hit the giant cockroach.
The giant cockroach is severely wounded.
The giant cockroach barely misses you. The giant cockroach misses you.
You hit the giant cockroach but do no damage.
You bite the giant cockroach, but do no damage.
The giant cockroach is heavily wounded.
The giant cockroach bites you.
You hit the giant cockroach but do no damage.
The giant cockroach is heavily wounded.
The giant cockroach barely misses you.
You hit the giant cockroach but do no damage.
The giant cockroach is heavily wounded.
The giant cockroach barely misses you.
You hit the giant cockroach but do no damage.
The giant cockroach is heavily wounded.
The giant cockroach closely misses you.
You hit the giant cockroach.
You kill the giant cockroach!
Your shield prevents you from hitting the ice beast.
You bite the ice beast, but do no damage.
The ice beast completely misses you.
Casting: Sandblast (safe; 4% risk of failure)
Confirm with . or Enter, or press ? or * to list all spells.
Aiming: Stone Arrow (safe; 34% risk of failure)
Press: ? - help, Shift-Dir - straight line, f - ice beast
Aim: an ice beast You miscast Stone Arrow.
You are very lightly contaminated with residual magic.
Your skin tingles.
The ice beast hits you. The ice beast freezes you!
Items here: $ ( ) † a cursed +0 short sword; 2 stones; 19 gold pieces; a rat corpse
Things that are here:
a +0 mace; an orc corpse
Found a ration.
Found a stone staircase leading down.
Found a ration.
Casting: Stone Arrow (safe; 34% risk of failure)
Confirm with . or Enter, or press ? or * to list all spells.
Aiming: Sandblast (safe; 4% risk of failure)
Press: ? - help, Shift-Dir - straight line, f/p - ice beast
Aim: an ice beast The blast of sand hits the ice beast.
The ice beast is lightly wounded.
b - 74 stones The ice beast hits you.
The ice beast freezes you!
Press: ? - help, v - describe, . - travel
Here: an ice beast (lightly wounded)
The floor.
The ice beast hits you. The ice beast freezes you!
You die...

####### ##.....##
##.%.....##
#.....%.>.#
#...@Y....#
#.........# #.
###.........# #.
...........)# #..
####.......## #..
#.........# ....
#.........# ....###
#.........#
#....#######.........#


You could see an ice beast.

Vanquished Creatures
  An adder (D:2)
  2 oozes (D:3)
  A worm (D:3)
  An orc (D:3)
  2 ball pythons (D:2)
  4 giant cockroaches
  4 goblins
  3 hobgoblins
  5 jackals
  4 bats
  5 frilled lizards
  3 kobolds
  6 rats
41 creatures vanquished.

Notes
Turn   | Place    | Note
-------+----------+-------------------------------------------
     0 | D:1      | EnegeticOcto the Vine Stalker Earth Elementalist began the
                  | quest for the Orb.
     0 | D:1      | Reached XP level 1. HP: 9/9 MP: 4/4
   160 | D:2      | Reached XP level 2. HP: 13/13 MP: 1/6
   336 | D:2      | Noticed Sigmund
   457 | D:2      | Reached skill level 4 in Earth Magic
   559 | D:2      | Reached XP level 3. HP: 16/16 MP: 7/7
   579 | D:2      | Learned a level 3 spell: Stone Arrow
   582 | D:2      | Learned a level 2 spell: Passwall
   792 | D:3      | Reached skill level 1 in Shields
   955 | D:3      | Found a bloodstained altar of Trog.
  1018 | D:3      | Noticed an ice beast
  1028 | D:3      | Gained mutation: Your natural rate of healing is unusually
                  | fast. [Vine Stalker growth]
  1028 | D:3      | Reached XP level 4. HP: 19/21 MP: 3/8
  1129 | D:3      | Slain by an ice beast

Levels and vault maps discovered:
D:1:      roderic_dead_forest, layout_basic
D:2:      layout_rooms, uniq_sigmund
D:3:      layout_rooms, lemuel_coloured_pillars_altar, first_ration

Skill      XL: |  1  2  3 |
---------------+----------+-----
Earth Magic    | 4 |  4.4
Shields        | 1 |  1.3
Dodging        | |  1.5
Stealth        | |  2.4
Spellcasting   | |  2.1
Transmutations | |  1.0

Action                   |  1- 3 |  4- 6 || total
-------------------------+-------+-------++-------
Melee: Unarmed           |   109 |    34 ||   143
       Bite              |    19 |     8 ||    27
 Cast: Sandblast         |    31 |     2 ||    33
       Stone Arrow       |     1 |       ||     1
 Stab: Sleeping          |     3 |       ||     3
  Eat: Chunk             |     3 |       ||     3
Armor: Robe              |    33 |     9 ||    42
Dodge: Dodged            |    74 |    35 ||   109
Block: Buckler           |    19 |     4 ||    23
